 Dungeon Crawl Stone Soup version 0.29.1-15-g9cfb28693d (webtiles) character file.

Game seed: 3053263484693082962

49 promet the Trooper (level 3, -1/34 HPs)
             Began as a Minotaur Fighter on Apr 5, 2023.
             Slain by Robin
             ... wielding a +0 vampiric falchion
              (3 damage)
             ... on level 2 of the Dungeon.
             The game lasted 00:04:00 (1494 turns).

promet the Trooper (Minotaur Fighter)               Turns: 1494, Time: 00:04:01

Health: -1/34      AC:  8    Str: 20    XL:     3   Next: 53%
Magic:  2/2        EV:  9    Int:  7    God:
Gold:   137        SH:  4    Dex:  9    Spells: 2/2 levels left

rFire   . . .      SeeInvis .   a - +0 war axe (venom)
rCold   . . .      Faith    .   c - +0 buckler
rNeg    . . .      Spirit   .   b - +1 scale mail
rPois   .          Reflect  .   (helmet restricted)
rElec   .          Harm     .   (no cloak)
rCorr   .          Rampage  .   (no gloves)
Will    .....                   (no boots)
Stlth   ..........              (no amulet)
HPRegen 0.11/turn               (no ring)
MPRegen 0.08/turn               (no ring)

@: mighty
A: horns 2, retaliatory headbutt
a: no special abilities


You were on level 2 of the Dungeon.
You visited 1 branch of the dungeon, and saw 2 of its levels.

You collected 137 gold pieces.

Inventory:

Hand Weapons
 a - a +0 war axe of venom (weapon)
Missiles
 g - 2 stones (quivered)
Armour
 b - a +1 scale mail (worn)
 c - a +0 buckler (worn)
Jewellery
 j - a ring of wizardry
Potions
 d - a potion of might
 e - 2 potions of curing {unknown}
 h - a potion of lignification {unknown}


   Skills:
 + Level 4.5 Fighting
 + Level 3.2 Axes
 + Level 3.9 Armour
 + Level 0.5 Dodging
 + Level 4.0 Shields


You had 2 spell levels left.
You didn't know any spells.
Your spell library contained the following spells:

 Spells                   Type           Power      Damage    Failure   Level
 Necrotise                Necr           0%         1d4       86%         1
 Animate Dead             Necr           0%         N/A       100%        4
 Haunt                    Necr/Summ      0%         N/A       100%        7
 Infestation              Necr           0%         N/A       100%        8


Dungeon Overview and Level Annotations

Branches:
Dungeon (2/15)

Altars:

Annotations:
D:2 Robin


Innate Abilities, Weirdness & Mutations

You have a pair of horns on your head.
You reflexively headbutt those who attack you in melee.


Message History

* * * LOW HITPOINT WARNING * * *
The goblin hits you with a +0 club.
* * * LOW HITPOINT WARNING * * *
The goblin completely misses you. You furiously retaliate!
You headbutt the goblin, but do no damage.
You closely miss the goblin. You hit the hobgoblin. You slash the hobgoblin!
You kill the hobgoblin!
You barely miss the goblin. You hit the goblin.
You kill the goblin!
You block the goblin's attack. The goblin hits you but does no damage.
The hobgoblin closely misses you. You furiously retaliate!
You headbutt the hobgoblin!
You kill the hobgoblin!
You hit Robin.
Robin is poisoned.
Robin is moderately wounded.
You hit the goblin but do no damage.
The goblin is poisoned.
You barely miss the goblin.
You kill the goblin!
You block Robin's attack. The goblin misses you. You furiously retaliate!
You headbutt the goblin!
You kill the goblin!
Robin hits you with a +0 vampiric falchion.
* * * LOW HITPOINT WARNING * * *
Robin draws strength from your wounds!
You hit Robin but do no damage.
Robin looks as sick as possible!
Robin is moderately wounded.
You block Robin's attack.
You feel very mighty all of a sudden.
Robin hits you with a +0 vampiric falchion.
* * * LOW HITPOINT WARNING * * *
Robin draws strength from your wounds! The endoplasm freezes you.
You are frozen.
* * * LOW HITPOINT WARNING * * *
You barely miss Robin.
Robin is heavily wounded.
You slash the endoplasm!
You kill the endoplasm!
Robin hits you with a +0 vampiric falchion.
You die...

#.# .. #.## #...
###..#
#######...####.#
......)))).....#
......g@)#
##########


You could see Robin (extremely poisoned).

Vanquished Creatures
  An adder (D:2)
  3 dart slugs
  3 bats (D:1)
  3 endoplasms
  A giant cockroach (D:1)
  10 goblins
  3 hobgoblins
  2 ball pythons (D:1)
  4 frilled lizards
  A kobold (D:1)
  4 rats (D:2)
35 creatures vanquished.

Notes
Turn   | Place    | Note
-------+----------+-------------------------------------------
     0 | D:1      | promet the Minotaur Fighter began the quest for the Orb.
     0 | D:1      | Reached XP level 1. HP: 19/19 MP: 0/0
   318 | D:1      | Found a faded altar of an unknown god.
   429 | D:1      | Reached XP level 2. HP: 25/27 MP: 1/1
   603 | D:1      | Got Kikubaaqudgha's Papyrus of Misery
  1396 | D:2      | Reached XP level 3. HP: 27/33 MP: 2/2
  1484 | D:2      | Noticed Robin
  1494 | D:2      | Slain by Robin

Illustrated notes

Levels and vault maps discovered:
D:1:      eino_arrival_water_star, layout_loops_cross,
          ebering_ecumenical_altar_sacrificial, columned_hall_lemuel
D:2:      layout_loops_cross, minmay_misc_feat_iff, minmay_large_rounded_square,
          uniq_robin

Skill      XL: |  1  2 |
---------------+-------+-----
Fighting       | 4 |  4.5
Shields        | 4 |  4.0
Axes           | 3 |  3.2
Armour         | |  3.9
Dodging        | |  0.5

Action                   || total
-------------------------++-------
Melee: War axe           ||    60
       Headbutt          ||     5
  Use: Scroll            ||     3
       Potion            ||     1
Armor: Scale mail        ||    54
Dodge: Dodged            ||    48
Block: Buckler           ||    20
